TOP OF THE 1ST |
Chattanooga Lookouts batting - Pitching for Trenton Thunder : RHP Aneirin Cadwallader
|
Pitching: RHP Aneirin Cadwallader
|
|
Batting: RHB Cyril Husson
|
0-0: Ball 1-0: Foul Ball, location: 2F 1-1: Ground out 4-3 (Groundball, 4, EV 90.0 MPH)
|
Batting: LHB Chris Munguia
|
0-0: Called Strike 0-1: Swinging Strike 0-2: Ball 1-2: Strikes out swinging
|
Batting: RHB Miguel Gonzalez
|
0-0: Called Strike 0-1: Ground out 5-3 (Groundball, 56S, EV 75.0 MPH)
|
Top of the 1st over - 0 runs, 0 hits, 0 errors, 0 left on base; Chattanooga 0 - Trenton 0 |
BOTTOM OF THE 1ST |
Trenton Thunder batting - Pitching for Chattanooga Lookouts : RHP Mike Moon
|
Pitching: RHP Mike Moon
|
|
Batting: RHB Tim Osborn
|
0-0: DOUBLE (Line Drive, 89M, EV 111.9 MPH)
|
Batting: RHB Alex Colon
|
0-0: Ball 1-0: Ball 2-0: Ball 3-0: Called Strike 3-1: Called Strike 3-2: Ground out 6-3 (Groundball, 6M, EV 80.6 MPH) Tim Osborn to third
|
Batting: RHB Jose Tovar
|
0-0: Ball 1-0: DOUBLE (Flyball, 78XD, EV 116.2 MPH) Tim Osborn scores
|
Batting: RHB Sam Hubbert
|
0-0: Ball 1-0: Called Strike 1-1: Ball 2-1: Foul Ball, location: 2F 2-2: Strikes out looking
|
Batting: RHB Phil Reeves
|
0-0: Called Strike 0-1: Ball 1-1: Ball 2-1: Ball 3-1: Called Strike 3-2: 2-RUN HOME RUN (Flyball, 89XD, EV 113.1 MPH), Distance : 418 ft
|
Batting: RHB Christian Shearer
|
0-0: Ball 1-0: Swinging Strike 1-1: Ball 2-1: Foul Ball, location: 2F 2-2: Ball 3-2: Fly out, F7 (Flyball, 7LSF, EV 73.1 MPH)
|
Bottom of the 1st over - 3 runs, 3 hits, 0 errors, 0 left on base; Chattanooga 0 - Trenton 3 |
TOP OF THE 2ND |
Chattanooga Lookouts batting - Pitching for Trenton Thunder : RHP Aneirin Cadwallader
|
Batting: SHB Dan Morataya
|
0-0: Swinging Strike 0-1: Called Strike 0-2: Strikes out swinging
|
Batting: RHB Matt Dunn
|
0-0: Called Strike 0-1: Foul Ball, location: 2F 0-2: Strikes out swinging
|
Batting: SHB Ian Thompson
|
0-0: Swinging Strike 0-1: Called Strike 0-2: Strikes out swinging
|
Top of the 2nd over - 0 runs, 0 hits, 0 errors, 0 left on base; Chattanooga 0 - Trenton 3 |
BOTTOM OF THE 2ND |
Trenton Thunder batting - Pitching for Chattanooga Lookouts : RHP Mike Moon
|
Batting: RHB Nazeeh Zubair
|
0-0: Ball 1-0: Ball 2-0: Called Strike 2-1: Foul Ball, location: 2F 2-2: Ground out 5-3 (Groundball, 5S, EV 86.9 MPH)
|
Batting: RHB Dale Altman
|
0-0: Ball 1-0: Fly out, F6 (Popup, 6MD, EV 48.8 MPH)
|
Batting: SHB David Stewart
|
0-0: Called Strike 0-1: Ball 1-1: Ball 2-1: Swinging Strike 2-2: Ground out 1-3 (Groundball, 13S, EV 63.1 MPH)
|
Bottom of the 2nd over - 0 runs, 0 hits, 0 errors, 0 left on base; Chattanooga 0 - Trenton 3 |
TOP OF THE 3RD |
Chattanooga Lookouts batting - Pitching for Trenton Thunder : RHP Aneirin Cadwallader
|
Batting: RHB Michael McDonald
|
0-0: Called Strike 0-1: Ball 1-1: Foul Ball, location: 2F 1-2: Ball 2-2: SINGLE (Line Drive, 6MD, EV 96.9 MPH)
|
Batting: RHB David Nardone
|
0-0: Ball 1-0: Foul Ball, location: 2F 1-1: Called Strike 1-2: Foul Ball, location: 2F 1-2: Ball 2-2: Ball 3-2: Foul Ball, location: 2F Pickoff Throw to First - Out! 1-3 3-2: Base on Balls
|
Batting: RHB Jose Gracia
|
0-0: Foul Ball, location: 2F 0-1: Ball 1-1: Foul Ball, location: 2F 1-2: Fly out, F9 (Flyball, 89XD, EV 96.9 MPH)
|
Batting: RHB Cyril Husson
|
0-0: Ball David Nardone is caught stealing 2nd base 2-4
|
Top of the 3rd over - 0 runs, 1 hit, 0 errors, 0 left on base; Chattanooga 0 - Trenton 3 |
BOTTOM OF THE 3RD |
Trenton Thunder batting - Pitching for Chattanooga Lookouts : RHP Mike Moon
|
Batting: RHB Tim Osborn
|
0-0: Ground out 4-3 (Groundball, 4, EV 85.0 MPH)
|
Batting: RHB Alex Colon
|
0-0: Foul Ball, location: 2F 0-1: Fly out, F7 (Line Drive, 78M, EV 102.5 MPH)
|
Batting: RHB Jose Tovar
|
0-0: Ball 1-0: Ground out 5-3 (Groundball, 56S, EV 67.5 MPH)
|
Bottom of the 3rd over - 0 runs, 0 hits, 0 errors, 0 left on base; Chattanooga 0 - Trenton 3 |
TOP OF THE 4TH |
Chattanooga Lookouts batting - Pitching for Trenton Thunder : RHP Aneirin Cadwallader
|
Batting: RHB Cyril Husson
|
0-0: Ball 1-0: Ball 2-0: Ball 3-0: Ground out 4-3 (Groundball, 4, EV 80.6 MPH)
|
Batting: LHB Chris Munguia
|
0-0: Foul Ball, location: 2F 0-1: Ball 1-1: Ground out 6-3 (Groundball, 6M, EV 101.2 MPH)
|
Batting: RHB Miguel Gonzalez
|
0-0: Foul Ball, location: 2F 0-1: SINGLE (Groundball, 4M, EV 103.1 MPH) (infield hit)
|
Batting: SHB Dan Morataya
|
0-0: Called Strike Miguel Gonzalez steals 2nd base 0-1: Foul Ball, location: 2F 0-2: Ball 1-2: Fly out, F9 (Line Drive, 9, EV 90.6 MPH)
|
Top of the 4th over - 0 runs, 1 hit, 0 errors, 1 left on base; Chattanooga 0 - Trenton 3 |
BOTTOM OF THE 4TH |
Trenton Thunder batting - Pitching for Chattanooga Lookouts : RHP Mike Moon
|
Batting: RHB Sam Hubbert
|
0-0: Called Strike 0-1: Ground out 4-3 (Groundball, 4M, EV 108.1 MPH)
|
Batting: RHB Phil Reeves
|
0-0: Called Strike 0-1: Ball 1-1: Ball 2-1: Ground out 6-3 (Groundball, 6, EV 80.0 MPH)
|
Batting: RHB Christian Shearer
|
0-0: SINGLE (Flyball, 89S, EV 88.1 MPH)
|
Batting: RHB Nazeeh Zubair
|
0-0: Ball 1-0: Ball 2-0: Fly out, F7 (Line Drive, 7S, EV 92.5 MPH)
|
Bottom of the 4th over - 0 runs, 1 hit, 0 errors, 1 left on base; Chattanooga 0 - Trenton 3 |
TOP OF THE 5TH |
Chattanooga Lookouts batting - Pitching for Trenton Thunder : RHP Aneirin Cadwallader
|
Batting: RHB Matt Dunn
|
0-0: Ball 1-0: Ball 2-0: Ball 3-0: Base on Balls
|
Batting: SHB Ian Thompson
|
0-0: Ball 1-0: Foul Ball, location: 2F 1-1: Called Strike 1-2: SINGLE (Groundball, 4D, EV 100.6 MPH) Matt Dunn to second Runner from 2nd tries for 3rd, SAFE, throw by CF made to third Ian Thompson to second
|
Batting: RHB Michael McDonald
|
0-0: Fly out, F7 (Flyball, 7LM, EV 84.4 MPH)
|
Batting: RHB David Nardone
|
0-0: Foul Ball, location: 2F 0-1: Called Strike 0-2: Ball 1-2: Strikes out swinging
|
Batting: RHB Jose Gracia
|
0-0: SINGLE (Groundball, 6MD, EV 98.1 MPH) Matt Dunn scores Ian Thompson to third Runner from 3rd tries for Home, SAFE, throw by CF to home
|
Batting: RHB Cyril Husson
|
0-0: Ball 1-0: Foul Ball, location: 2F 1-1: Called Strike 1-2: Foul Ball, location: 2F 1-2: Ball 2-2: Ball 3-2: Foul Ball, location: 2F 3-2: Foul Ball, location: 2F 3-2: Ground out 4-3 (Groundball, 34S, EV 82.5 MPH)
|
Top of the 5th over - 2 runs, 2 hits, 0 errors, 1 left on base; Chattanooga 2 - Trenton 3 |
BOTTOM OF THE 5TH |
Trenton Thunder batting - Pitching for Chattanooga Lookouts : RHP Mike Moon
|
Batting: RHB Dale Altman
|
0-0: Called Strike 0-1: Foul Ball, location: 2F 0-2: Ball 1-2: Ball 2-2: Foul Ball, location: 2F 2-2: Strikes out swinging, 2-3 out at first.
|
Batting: SHB David Stewart
|
0-0: Ball 1-0: Called Strike 1-1: Foul Ball, location: 2F 1-2: Strikes out looking
|
Batting: RHB Tim Osborn
|
0-0: Called Strike 0-1: Ball 1-1: Ball 2-1: Ball 3-1: Base on Balls
|
Batting: RHB Alex Colon
|
Pickoff Throw to First - Out! 1-3
|
Bottom of the 5th over - 0 runs, 0 hits, 0 errors, 0 left on base; Chattanooga 2 - Trenton 3 |
TOP OF THE 6TH |
Chattanooga Lookouts batting - Pitching for Trenton Thunder : RHP Aneirin Cadwallader
|
Batting: LHB Chris Munguia
|
0-0: Called Strike 0-1: Ball 1-1: Foul Ball, location: 2F 1-2: Ball 2-2: Ball 3-2: Base on Balls
|
Batting: RHB Miguel Gonzalez
|
0-0: SINGLE (Groundball, 34, EV 98.8 MPH) Chris Munguia to second Runner from 2nd tries for 3rd, SAFE, throw by RF made at trailing runner, OUT! 9-6
|
Batting: SHB Dan Morataya
|
0-0: Swinging Strike 0-1: Called Strike 0-2: Ball Passed Ball! Chris Munguia scores 1-2: Ball 2-2: Strikes out swinging
|
Batting: RHB Matt Dunn
|
0-0: Ball 1-0: Foul Ball, location: 2F 1-1: Ball 2-1: Fly out, F8 (Line Drive, 8LM, EV 112.5 MPH)
|
Top of the 6th over - 1 run, 1 hit, 0 errors, 0 left on base; Chattanooga 3 - Trenton 3 |
BOTTOM OF THE 6TH |
Trenton Thunder batting - Pitching for Chattanooga Lookouts : RHP Mike Moon
|
Batting: RHB Alex Colon
|
0-0: Ball 1-0: Called Strike 1-1: Foul Ball, location: 2F 1-2: Ball 2-2: Foul Ball, location: 2F 2-2: Strikes out swinging
|
Batting: RHB Jose Tovar
|
0-0: Called Strike 0-1: Ball 1-1: Ball 2-1: Foul Ball, location: 2F 2-2: Foul Ball, location: 2F 2-2: Foul Ball, location: 2F 2-2: Ball 3-2: Fly out, F7 (Line Drive, 7, EV 97.5 MPH)
|
Batting: RHB Sam Hubbert
|
0-0: Ball 1-0: Ball 2-0: Called Strike 2-1: Ground out 5-3 (Groundball, 5, EV 103.1 MPH)
|
Bottom of the 6th over - 0 runs, 0 hits, 0 errors, 0 left on base; Chattanooga 3 - Trenton 3 |
TOP OF THE 7TH |
Chattanooga Lookouts batting - Pitching for Trenton Thunder : RHP Aneirin Cadwallader
|
Pitching: RHP Antonio Castillo
|
|
Batting: SHB Ian Thompson
|
0-0: Ball 1-0: Ball 2-0: Foul Ball, location: 2F 2-1: Foul Ball, location: 2F 2-2: Strikes out swinging
|
Batting: RHB Michael McDonald
|
0-0: Ball 1-0: Ball 2-0: Ball 3-0: Called Strike 3-1: Swinging Strike 3-2: SINGLE (Groundball, 6D, EV 95.0 MPH)
|
Batting: RHB David Nardone
|
0-0: Ball 1-0: Ball 2-0: Ball 3-0: Called Strike 3-1: Swinging Strike 3-2: Strikes out swinging
|
Batting: RHB Jose Gracia
|
0-0: Ball 1-0: Ball 2-0: Ball 3-0: Called Strike 3-1: Fly out, F9 (Flyball, 9LM, EV 88.1 MPH)
|
Top of the 7th over - 0 runs, 1 hit, 0 errors, 1 left on base; Chattanooga 3 - Trenton 3 |
BOTTOM OF THE 7TH |
Trenton Thunder batting - Pitching for Chattanooga Lookouts : RHP Mike Moon
|
Batting: RHB Phil Reeves
|
0-0: Ball 1-0: Ball 2-0: Ball 3-0: Called Strike 3-1: Swinging Strike 3-2: Ground out 4-3 (Groundball, 4S, EV 62.5 MPH)
|
Batting: RHB Christian Shearer
|
0-0: Called Strike 0-1: Ball 1-1: Ground out 1-3 (Groundball, P, EV 69.4 MPH)
|
Batting: RHB Nazeeh Zubair
|
0-0: Ball 1-0: Ball 2-0: Ball 3-0: Called Strike 3-1: Base on Balls
|
Batting: RHB Dale Altman
|
0-0: Ball 1-0: Ball 2-0: Called Strike 2-1: Foul Ball, location: 2F 2-2: Strikes out swinging
|
Bottom of the 7th over - 0 runs, 0 hits, 0 errors, 1 left on base; Chattanooga 3 - Trenton 3 |
TOP OF THE 8TH |
Chattanooga Lookouts batting - Pitching for Trenton Thunder : RHP Antonio Castillo
|
Pitching: RHP Ricky Mercer
|
|
Batting: RHB Cyril Husson
|
0-0: Ball 1-0: Ball 2-0: Ball 3-0: Called Strike 3-1: Ground out 6-3 (Groundball, 6, EV 84.4 MPH)
|
Batting: LHB Chris Munguia
|
0-0: Swinging Strike 0-1: Foul Ball, location: 2F 0-2: Strikes out swinging
|
Batting: RHB Miguel Gonzalez
|
0-0: Swinging Strike 0-1: Ground out 6-3 (Groundball, 6D, EV 101.2 MPH)
|
Top of the 8th over - 0 runs, 0 hits, 0 errors, 0 left on base; Chattanooga 3 - Trenton 3 |
BOTTOM OF THE 8TH |
Trenton Thunder batting - Pitching for Chattanooga Lookouts : RHP Mike Moon
|
Pitching: LHP Antoine Champagne
|
|
Batting: SHB David Stewart
|
0-0: Called Strike 0-1: Swinging Strike 0-2: Foul Ball, location: 2F 0-2: Ball 1-2: Ball 2-2: Ball 3-2: Foul Ball, location: 2F 3-2: Base on Balls
|
Batting: RHB Tim Osborn
|
0-0: Bunt missed! 0-1: Bunted foul 0-2: SINGLE (Groundball, 6D, EV 100.0 MPH) David Stewart to second
|
Batting: RHB Alex Colon
|
0-0: Called Strike 0-1: Swinging Strike 0-2: Foul Ball, location: 2F 0-2: Ball 1-2: Foul Ball, location: 2F 1-2: Ball 2-2: Ball 3-2: Grounds into double play, 3-6-3 (Groundball, 34, EV 98.1 MPH) David Stewart to third
|
Batting: RHB Jose Tovar
|
0-0: Called Strike 0-1: Swinging Strike 0-2: Ball 1-2: Foul Ball, location: 2F 1-2: Strikes out swinging
|
Bottom of the 8th over - 0 runs, 1 hit, 0 errors, 1 left on base; Chattanooga 3 - Trenton 3 |
TOP OF THE 9TH |
Chattanooga Lookouts batting - Pitching for Trenton Thunder : RHP Ricky Mercer
|
Batting: SHB Dan Morataya
|
0-0: Called Strike 0-1: Ball 1-1: Swinging Strike 1-2: Ball 2-2: Foul Ball, location: 2F 2-2: Ball 3-2: DOUBLE (Line Drive, 9LS, EV 108.1 MPH)
|
Batting: RHB Matt Dunn
|
0-0: Called Strike 0-1: Ball 1-1: Ground out 5-3 (Groundball, 56S, EV 87.5 MPH)
|
Batting: SHB Ian Thompson
|
0-0: Called Strike 0-1: Ball 1-1: Swinging Strike 1-2: SINGLE (Line Drive, 6D, EV 97.5 MPH) Dan Morataya to third
|
Batting: RHB Michael McDonald
|
0-0: Called Strike 0-1: Ball 1-1: Called Strike 1-2: Foul Ball, location: 2F 1-2: Strikes out looking Ian Thompson steals 2nd base (no throw) Batter strikes out.
|
Batting: RHB David Nardone
|
0-0: Called Strike 0-1: Ground out 6-3 (Groundball, P, EV 80.6 MPH)
|
Top of the 9th over - 0 runs, 2 hits, 0 errors, 2 left on base; Chattanooga 3 - Trenton 3 |
BOTTOM OF THE 9TH |
Trenton Thunder batting - Pitching for Chattanooga Lookouts : LHP Antoine Champagne
|
Pitching: LHP Adam Wood
|
|
Batting: RHB Sam Hubbert
|
0-0: Called Strike 0-1: Foul Ball, location: 2F 0-2: Strikes out swinging
|
Batting: RHB Phil Reeves
|
0-0: Called Strike 0-1: Called Strike 0-2: Foul Ball, location: 2F 0-2: Foul Ball, location: 2F 0-2: Ball 1-2: Fly out, F9 (Line Drive, 9LM, EV 107.5 MPH)
|
Batting: RHB Christian Shearer
|
0-0: Fly out, F7 (Line Drive, 7, EV 91.2 MPH)
|
Bottom of the 9th over - 0 runs, 0 hits, 0 errors, 0 left on base; Chattanooga 3 - Trenton 3 |
TOP OF THE 10TH |
Chattanooga Lookouts batting - Pitching for Trenton Thunder : RHP Ricky Mercer
|
Pitching: RHP Mark Stafford
|
|
Batting: RHB Jose Gracia
|
0-0: Ball 1-0: Ball 2-0: Foul Ball, location: 2F 2-1: Foul Ball, location: 2F 2-2: Ground out 6-3 (Groundball, 6, EV 81.9 MPH)
|
Batting: RHB Cyril Husson
|
0-0: Called Strike 0-1: Ball 1-1: Foul Ball, location: 2F 1-2: Fly out, F8 (Flyball, 78M, EV 82.5 MPH)
|
Batting: LHB Chris Munguia
|
0-0: Called Strike 0-1: Ball 1-1: Ball 2-1: Ball 3-1: Base on Balls
|
Batting: RHB Miguel Gonzalez
|
0-0: Ball 1-0: Ball 2-0: Ball Chris Munguia is caught stealing 2nd base 2-4
|
Top of the 10th over - 0 runs, 0 hits, 0 errors, 0 left on base; Chattanooga 3 - Trenton 3 |
BOTTOM OF THE 10TH |
Trenton Thunder batting - Pitching for Chattanooga Lookouts : LHP Adam Wood
|
Batting: RHB Nazeeh Zubair
|
0-0: Foul Ball, location: 2F 0-1: Foul Ball, location: 2F 0-2: Strikes out swinging
|
Batting: RHB Dale Altman
|
0-0: Called Strike 0-1: Foul Ball, location: 2F 0-2: Ball 1-2: Strikes out looking
|
Pinch Hitting: RHB Greg Harden
|
0-0: Called Strike 0-1: Ball 1-1: Swinging Strike 1-2: Fly out, F8 (Flyball, 8RD, EV 108.1 MPH)
|
Bottom of the 10th over - 0 runs, 0 hits, 0 errors, 0 left on base; Chattanooga 3 - Trenton 3 |
TOP OF THE 11TH |
Chattanooga Lookouts batting - Pitching for Trenton Thunder : RHP Mark Stafford
|
Now at SS: Bart Davies
|
|
Batting: RHB Miguel Gonzalez
|
0-0: Ball 1-0: Swinging Strike 1-1: Ball 2-1: Foul Ball, location: 2F 2-2: Ball 3-2: Strikes out swinging
|
Batting: SHB Dan Morataya
|
0-0: Reached on error, E6 (Groundball, 6M, EV 81.9 MPH)
|
Batting: RHB Matt Dunn
|
0-0: Ball 1-0: Called Strike Dan Morataya steals 2nd base 1-1: Foul Ball, location: 2F 1-2: Strikes out swinging
|
Pitching: RHP Angel Gutierres
|
|
Batting: SHB Ian Thompson
|
0-0: Ball 1-0: Called Strike 1-1: Foul Ball, location: 2F 1-2: Fly out, F9 (Flyball, 9, EV 83.8 MPH)
|
Top of the 11th over - 0 runs, 0 hits, 1 error, 1 left on base; Chattanooga 3 - Trenton 3 |
BOTTOM OF THE 11TH |
Trenton Thunder batting - Pitching for Chattanooga Lookouts : LHP Adam Wood
|
Batting: RHB Tim Osborn
|
0-0: Called Strike 0-1: Foul Ball, location: 2F 0-2: Strikes out swinging
|
Batting: RHB Alex Colon
|
0-0: Called Strike 0-1: Ball 1-1: Foul Ball, location: 2F 1-2: Fly out, F7 (Flyball, 78S, EV 79.4 MPH)
|
Batting: RHB Jose Tovar
|
0-0: Called Strike 0-1: Swinging Strike 0-2: Strikes out swinging
|
Bottom of the 11th over - 0 runs, 0 hits, 0 errors, 0 left on base; Chattanooga 3 - Trenton 3 |
TOP OF THE 12TH |
Chattanooga Lookouts batting - Pitching for Trenton Thunder : RHP Angel Gutierres
|
Batting: RHB Michael McDonald
|
0-0: Foul Ball, location: 2F 0-1: Ball 1-1: Swinging Strike 1-2: Foul Ball, location: 2F 1-2: Ball 2-2: Fly out, F9 (Flyball, 89D, EV 87.5 MPH)
|
Batting: RHB David Nardone
|
0-0: Called Strike 0-1: Ball 1-1: Ground out 4-3 (Groundball, 4, EV 111.9 MPH)
|
Batting: RHB Jose Gracia
|
0-0: Called Strike 0-1: Foul Ball, location: 2F 0-2: Ground out 6-3 (Groundball, 6, EV 101.2 MPH)
|
Top of the 12th over - 0 runs, 0 hits, 0 errors, 0 left on base; Chattanooga 3 - Trenton 3 |
BOTTOM OF THE 12TH |
Trenton Thunder batting - Pitching for Chattanooga Lookouts : LHP Adam Wood
|
Batting: RHB Sam Hubbert
|
0-0: Ball 1-0: Called Strike 1-1: SINGLE (Line Drive, 89S, EV 96.9 MPH)
|
Batting: RHB Phil Reeves
|
0-0: Grounds into double play, 5-4-3 (Groundball, 56, EV 101.2 MPH)
|
Batting: RHB Christian Shearer
|
0-0: Called Strike 0-1: Ball 1-1: Ball 2-1: Swinging Strike 2-2: Ground out 5-3 (Groundball, 56, EV 104.4 MPH)
|
Bottom of the 12th over - 0 runs, 1 hit, 0 errors, 0 left on base; Chattanooga 3 - Trenton 3 |
TOP OF THE 13TH |
Chattanooga Lookouts batting - Pitching for Trenton Thunder : RHP Angel Gutierres
|
Batting: RHB Cyril Husson
|
0-0: Called Strike 0-1: Foul Ball, location: 2F 0-2: Ball 1-2: Foul Ball, location: 2F 1-2: SINGLE (Flyball, 8RS, EV 96.2 MPH)
|
Batting: LHB Chris Munguia
|
0-0: Called Strike 0-1: Ball 1-1: Called Strike 1-2: Foul Ball, location: 2F 1-2: Ball 2-2: Foul Ball, location: 2F 2-2: Ball 3-2: Foul Ball, location: 2F 3-2: Ground out 6-3 (Groundball, P, EV 84.4 MPH) Cyril Husson to second
|
Pitching: RHP Jimmy Wilder
|
|
Batting: RHB Miguel Gonzalez
|
0-0: Called Strike 0-1: Fly out, F8 (Line Drive, 8RM, EV 91.9 MPH)
|
Batting: SHB Dan Morataya
|
0-0: Called Strike 0-1: Ball 1-1: Ball 2-1: Fly out, F7 (Line Drive, 7S, EV 87.5 MPH)
|
Top of the 13th over - 0 runs, 1 hit, 0 errors, 1 left on base; Chattanooga 3 - Trenton 3 |
BOTTOM OF THE 13TH |
Trenton Thunder batting - Pitching for Chattanooga Lookouts : LHP Adam Wood
|
Batting: RHB Nazeeh Zubair
|
0-0: Ball 1-0: Ball 2-0: Foul Ball, location: 2F 2-1: Ball 3-1: Swinging Strike 3-2: SINGLE (Line Drive, 6M, EV 98.1 MPH)
|
Batting: RHB Dale Altman
|
0-0: Bunt missed! 0-1: Bunted foul 0-2: Fly out, F9 (Flyball, 89M, EV 90.0 MPH)
|
Pinch Hitting: RHB Javier Umanzor
|
0-0: Called Strike 0-1: Swinging Strike 0-2: Fly out, F4 (Popup, 4S, EV 58.8 MPH)
|
Batting: RHB Tim Osborn
|
0-0: Called Strike 0-1: Swinging Strike 0-2: Strikes out swinging
|
Bottom of the 13th over - 0 runs, 1 hit, 0 errors, 1 left on base; Chattanooga 3 - Trenton 3 |
TOP OF THE 14TH |
Chattanooga Lookouts batting - Pitching for Trenton Thunder : RHP Jimmy Wilder
|
Now at SS: Roberto Tena
|
|
Batting: RHB Matt Dunn
|
0-0: Called Strike 0-1: Ball 1-1: Ball 2-1: Foul Ball, location: 2F 2-2: Ball 3-2: Ground out 4-3 (Groundball, 4M, EV 85.0 MPH)
|
Batting: SHB Ian Thompson
|
0-0: Ball 1-0: Ball 2-0: Ball 3-0: Base on Balls
|
Batting: RHB Michael McDonald
|
0-0: Called Strike 0-1: Called Strike 0-2: Strikes out swinging
|
Batting: RHB David Nardone
|
0-0: Ball Ian Thompson steals 2nd base 1-0: Ball 2-0: Swinging Strike 2-1: Ball 3-1: Fly out, F7 (Flyball, 78D, EV 98.8 MPH)
|
Top of the 14th over - 0 runs, 0 hits, 0 errors, 1 left on base; Chattanooga 3 - Trenton 3 |
BOTTOM OF THE 14TH |
Trenton Thunder batting - Pitching for Chattanooga Lookouts : LHP Adam Wood
|
Pitching: RHP Justin Gorden
|
|
Pinch Hitting: SHB Ryan Buchbinder
|
0-0: Called Strike 0-1: Ball 1-1: Swinging Strike 1-2: Ground out 4-3 (Groundball, 34D, EV 106.2 MPH)
|
Batting: RHB Jose Tovar
|
0-0: Foul Ball, location: 2F 0-1: Swinging Strike 0-2: Hit by Pitch
|
Batting: RHB Sam Hubbert
|
0-0: Fly out, F3 (Popup, 3SF, EV 81.9 MPH)
|
Batting: RHB Phil Reeves
|
0-0: Fly out, F8 (Flyball, 8RM, EV 73.8 MPH)
|
Bottom of the 14th over - 0 runs, 0 hits, 0 errors, 1 left on base; Chattanooga 3 - Trenton 3 |
TOP OF THE 15TH |
Chattanooga Lookouts batting - Pitching for Trenton Thunder : RHP Jimmy Wilder
|
Now in CF: Ryan Buchbinder
|
|
Batting: RHB Jose Gracia
|
0-0: Ball 1-0: Ball 2-0: Reached on error, E6 (Groundball, 6, EV 81.2 MPH)
|
Batting: RHB Cyril Husson
|
0-0: Sac Bunt to 5S - play at first, batter OUT! 5-3 Jose Gracia to second
|
Batting: LHB Chris Munguia
|
0-0: Ball 1-0: SINGLE (Groundball, 6MD, EV 99.4 MPH) (infield hit) Jose Gracia to third
|
Batting: RHB Miguel Gonzalez
|
0-0: Called Strike Chris Munguia steals 2nd base (no throw) 0-1: Ball 1-1: Foul Ball, location: 2F 1-2: Ball 2-2: Ball 3-2: SINGLE (Groundball, 3, EV 96.9 MPH) (infield hit) Jose Gracia scores Chris Munguia to third
|
Pitching: LHP George Grady
|
|
Batting: SHB Dan Morataya
|
0-0: Called Strike 0-1: Ball 1-1: Grounds into double play, 6-4-3 (Groundball, 6, EV 99.4 MPH)
|
Top of the 15th over - 1 run, 2 hits, 1 error, 1 left on base; Chattanooga 4 - Trenton 3 |
BOTTOM OF THE 15TH |
Trenton Thunder batting - Pitching for Chattanooga Lookouts : RHP Justin Gorden
|
Batting: RHB Christian Shearer
|
0-0: Ground out 6-3 (Groundball, 6, EV 80.0 MPH)
|
Batting: RHB Nazeeh Zubair
|
0-0: Ball 1-0: Called Strike 1-1: Foul Ball, location: 2F 1-2: Strikes out swinging
|
Batting: RHB Dale Altman
|
0-0: Ball 1-0: Called Strike 1-1: Called Strike 1-2: Strikes out swinging
|
Bottom of the 15th over - 0 runs, 0 hits, 0 errors, 0 left on base; Chattanooga 4 - Trenton 3 |
|